 Dungeon Crawl Stone Soup version 0.27-a0-1500-g450c7e4133 (webtiles) character file.

Game seed: 4688784625127686206

149 Spaninq the Magician (level 5, -4/38 HPs)
             Began as a Djinni Fire Elementalist on July 7, 2021.
             Slain by an ice beast (9 damage)
             ... on level 6 of the Dungeon.
             The game lasted 00:35:04 (2943 turns).

Spaninq the Magician (Djinni Fire Elementalist)     Turns: 2943, Time: 00:35:05

Health: -4/38      AC:  4    Str:  7    XL:     5   Next: 57%
Gold:   51         EV: 13    Int: 17    God:
                   SH:  0    Dex: 14

rFire    + + .     SeeInvis .   l - +3 mace
rCold    x . .     Faith    .   (no shield)
rNeg     . . .     Spirit   .   a - +0 robe
rPois    ∞         Reflect  .   (no helmet)
rElec    .         Harm     .   j - +0 cloak
rCorr    .         Rampage  .   k - +0 pair of gloves
Will     .....                  (boots unavailable)
Stlth    ++........             n - amulet of regeneration
HPRegen  1.12/turn              (no ring)
MPRegen  0.00/turn              (no ring)

@: flying
A: sickness immunity, fire resistance 2, cold vulnerability 1, float, innate
caster, hp casting, extra vitality 1
a: no special abilities


You were on level 6 of the Dungeon.
You visited 1 branch of the dungeon, and saw 5 of its levels.

You collected 103 gold pieces.
You spent 52 gold pieces at shops.

Inventory:

Hand Weapons
 d - a +0 whip
 i - a +0 trident of draining
 l - a +3 mace (weapon)
Missiles
 f - 21 stones
Armour
 a - a +0 robe (worn)
 j - a +0 cloak (worn)
 k - a +0 pair of gloves (worn)
Jewellery
 n - an amulet of regeneration (around neck)
Scrolls
 e - a scroll of identify
 h - a scroll of fear {unknown}
Potions
 b - a potion of attraction {unknown}
 c - a potion of might {unknown}
 g - 2 potions of curing
 m - a potion of heal wounds


   Skills:
 + Level 2.0 Fighting
 + Level 3.1 Dodging
 - Level 2.1 Stealth
 * Level 3.5 Spellcasting


You couldn't memorise any spells.
You knew the following spells:

 Your Spells              Type           Power      Damage    Failure   Level
a - Foxfire               Conj/Fire      60%        2x1d7     3%          1
b - Conjure Flame         Conj/Fire      15%        6-21      12%         3
c - Inner Flame           Hex/Fire       15%        N/A       12%         3
d - Sticky Flame          Conj/Fire      15%        2d4       36%         4
e - Fireball              Conj/Fire      7%         3d5       71%         5
f - Beastly Appendage     Tmut           30%        N/A       3%          1
g - Searing Ray           Conj           30%        3d4       6%          2
Your spell library was empty.

Dungeon Overview and Level Annotations

Branches:
Dungeon (6/15)
 Temple: D:4-7

Altars:

Shops:
D:1 (   D:2 ::*![

Annotations:
D:3 Sigmund


Innate Abilities, Weirdness & Mutations

You are immune to sickness and miasma.
You are immune to poison.
Your flesh is very heat resistant. (rF++)
You are vulnerable to cold. (rC-)
You float through the air rather than walking.
You learn spells naturally, not from books.
Your magical power is your life essence.
You have superior vitality. (+4 HP)


Message History

The ice beast is lightly wounded.
Casting: Foxfire (safe; 3% risk of failure)
Confirm with . or Enter, or press ? or * to list all spells.
You conjure some foxfire!
The foxfire hits the ice beast but does no damage.
The ice beast is lightly wounded.
The foxfire hits the ice beast but does no damage.
The ice beast is lightly wounded.
Casting: Foxfire (safe; 3% risk of failure)
Confirm with . or Enter, or press ? or * to list all spells.
You conjure some foxfire!
The ice beast hits you but does no damage.
The foxfire hits the ice beast.
The ice beast is lightly wounded.
The foxfire hits the ice beast but does no damage.
The ice beast is lightly wounded.
The ice beast hits you but does no damage.
Casting: Foxfire (safe; 3% risk of failure)
Confirm with . or Enter, or press ? or * to list all spells.
You conjure some foxfire!
The ice beast hits you. The ice beast freezes you!!
You feel a terrible chill!
The foxfire hits the ice beast but does no damage.
The ice beast is lightly wounded.
The foxfire hits the ice beast but does no damage.
The ice beast is lightly wounded.
The ice beast hits you. The ice beast freezes you!
You feel a terrible chill!
* * * LOW HITPOINT WARNING * * *
Casting: Foxfire (safe; 3% risk of failure)
Confirm with . or Enter, or press ? or * to list all spells.
You conjure some foxfire!
* * * LOW HITPOINT WARNING * * *
The ice beast completely misses you.
The foxfire hits the ice beast!
The ice beast melts!
The ice beast is heavily wounded.
The foxfire hits the ice beast but does no damage.
The ice beast is heavily wounded.
The ice beast hits you.
* * * LOW HITPOINT WARNING * * *
The ice beast freezes you!
You feel a terrible chill!
You die...

### #.. ##...## ...
. ###...^. #.# .#
....... #.# ..
#..... #.# .# #...#
##Y##.#
#.####..####.@..#
5....>..#<...§.##
#......[...#....#
.####...#..##.##..(.
#.###..##........ #.
#..#####.##.. # #..#
# . #..# #..#


You could see an ice beast.

Vanquished Creatures
  An orc wizard (D:3)
  3 adders
  3 dart slugs
  2 orcs (D:3)
  2 ball pythons (D:3)
  10 endoplasms
  3 giant cockroaches
  6 goblins
  6 hobgoblins
  12 jackals
  6 quokkas
  8 bats
  4 frilled lizards
  5 kobolds
  7 rats
78 creatures vanquished.

Vanquished Creatures (others)
  213 foxfires
213 creatures vanquished.

Grand Total: 291 creatures vanquished

Notes
Turn   | Place    | Note
-------+----------+-------------------------------------------
     0 | D:1      | Spaninq the Djinni Fire Elementalist began the quest for
                  | the Orb.
     0 | D:1      | Reached XP level 1. HP: 15/15 MP: 0/0
   257 | D:1      | Reached XP level 2. HP: 19/21 MP: 0/0
   657 | D:1      | Reached XP level 3. HP: 24/26 MP: 0/0
   657 | D:1      | Learned a level 1 spell: Beastly Appendage
   754 | D:1      | Found Jocka's Weapon Shoppe.
  1279 | D:2      | Reached skill level 1 in Fighting
  1287 | D:2      | Found Binaxehi's Antique Armour Shop.
  1614 | D:2      | Reached XP level 4. HP: 18/32 MP: 0/0
  1807 | D:2      | Found Qios's Book Shoppe.
  1854 | D:2      | Found Isiuxew's Book Shop.
  2177 | D:2      | Found Dexilidgh's General Store.
  2320 | D:2      | Found Kublucwa's Distillery.
  2463 | D:2      | Bought a scroll of identify for 26 gold pieces
  2463 | D:2      | Bought a scroll of identify for 26 gold pieces
  2536 | D:3      | Reached XP level 5. HP: 37/37 MP: 0/0
  2536 | D:3      | Learned a level 2 spell: Searing Ray
  2907 | D:3      | Noticed Sigmund
  2909 | D:3      | You are sucked into a shaft and drop 3 floors!
  2916 | D:5      | Entered Level 5 of the Dungeon
  2917 | D:5      | Noticed a sky beast
  2931 | D:6      | Noticed an ice beast
  2943 | D:6      | Slain by an ice beast

Illustrated notes

Levels and vault maps discovered:
D:1:      matt_arrival_refuge, layout_loops_cross, serial_shops, shop
D:2:      layout_loops_ring, serial_shops, shop, shop, nicolae_shop_stone, shop,
          shop, hex_large, corexii_leaking_fountain, st_stairs_14
D:3:      layout_rooms, uniq_sigmund, uniq_grinder
D:5:      layout_gridville
D:6:      layout_loops_ring

Skill      XL: |  1  2  3  4  5 |
---------------+----------------+-----
Stealth        | 2 |  2.1
Fighting       | 1 2 |  2.0
Spellcasting   | 3 |  3.5
Dodging        | 3 |  3.1

Action                   |  1- 3 |  4- 6 || total
-------------------------+-------+-------++-------
Melee: Trident           |       |    11 ||    11
 Cast: Foxfire           |    65 |    70 ||   135
  Use: Scroll            |       |     7 ||     7
Armor: Robe              |     6 |    17 ||    23
Dodge: Dodged            |    16 |    27 ||    43

Table legend: (Time is in decaauts)
 A = Elapsed time spent in this place.
 B = Non-inter-level travel time spent in this place.
 C = Inter-level travel time spent in this place.
 D = Time resting spent in this place.
 E = Time spent auto-exploring this place.
 F = Levels seen in this place.
 G = Mean time per level.
                   A        B        C        D        E       F      G
               +--------+--------+--------+--------+--------+-----+--------+
         Total |   2947 |   2897 |     50 |    332 |   1729 |   5 |  589.4 |
       Dungeon |   2947 |   2897 |     50 |    332 |   1729 |   5 |  589.4 |
               +--------+--------+--------+--------+--------+-----+--------+

Top non-repeatable levels by time:
     D:2: 1321 daAuts
     D:1: 1263 daAuts
     D:3: 328 daAuts
     D:6: 26 daAuts
     D:5: 7 daAuts
